 Dungeon Crawl Stone Soup version 0.21-a0-207-g4a9efaf (webtiles) character file.

140 pkoi the Slasher (level 5, -6/42 HPs)
             Began as a Minotaur Gladiator on Aug 21, 2017.
             Mangled by Grinder (10 damage)
             ... while paralysed by Grinder
             ... on level 3 of the Dungeon.
             The game lasted 00:04:41 (2109 turns).

pkoi the Slasher (Minotaur Gladiator)               Turns: 2109, Time: 00:04:42

Health: -6/42      AC:  6    Str: 19    XL:     5   Next: 2%
Magic:  4/4        EV:  2    Int:  5    God:
Gold:   123        SH:  0    Dex: 12    Spells: 4/4 levels left

rFire    . . .     SeeInvis .   a - +0 long sword
rCold    . . .     Gourm    .   (no shield)
rNeg     . . .     Faith    .   b - +0 leather armour
rPois    .         Spirit   .   c - +1 hat
rElec    .         Reflect  .   (no cloak)
rCorr    .         Harm     .   k - +1 pair of gloves
MR       .....                  (no boots)
Stlth    +.........             (no amulet)
HPRegen  0.14/turn              (no ring)
MPRegen  0.09/turn              (no ring)

@: paralysed
A: retaliatory headbutt, horns 2
a: no special abilities


You were on level 3 of the Dungeon.
You were not hungry.

You visited 1 branch of the dungeon, and saw 3 of its levels.

You collected 123 gold pieces.

Inventory:

Hand Weapons
 a - a +0 long sword (weapon)
Missiles
 d - 3 throwing nets (quivered)
Armour
 b - a +0 leather armour (worn)
 c - a +1 hat (worn)
 k - a +1 pair of gloves (worn)
Jewellery
 p - an uncursed ring of resist corrosion {unknown}
Wands
 s - a wand of lightning (5/15)
Scrolls
 e - 2 scrolls of enchant armour
 h - a scroll of teleportation
 l - 2 scrolls of identify
Potions
 j - 2 potions of haste {unknown}
 m - a potion of curing {unknown}
 n - a potion of agility
 o - 2 potions of brilliance {unknown}
 q - a potion of degeneration {unknown}
 r - a potion of mutation {unknown}
Comestibles
 f - 2 bread rations
 g - 2 royal jellies


   Skills:
 - Level 2.4 Fighting
 + Level 6.9 Long Blades
 - Level 2.0 Throwing
 - Level 3.2 Dodging


You had 4 spell levels left.
You didn't know any spells.

Dungeon Overview and Level Annotations

Branches:
Dungeon (3/15)

Altars:
Vehumet
Xom

Annotations:
D:3 Grinder


Innate Abilities, Weirdness & Mutations

You reflexively headbutt those who attack you in melee.
You have a pair of horns on your head.


Message History

Pain shoots through your body!
You closely miss Grinder. You headbutt Grinder.
Grinder is moderately wounded.
Grinder hits you!
You barely miss Grinder. You headbutt Grinder!
Grinder is heavily wounded.
Grinder gestures at you. Pain shoots through your body!
* * * LOW HITPOINT WARNING * * *
You hit Grinder.
Grinder is severely wounded.
Grinder says, "You look like you could use a good racking."
Grinder gestures at you.
You suddenly lose the ability to move!
Grinder hits you!
* * * LOW HITPOINT WARNING * * *
You writhe in agony.
* * * LOW HITPOINT WARNING * * *
Grinder hits you!
You die...

######### #.......#
#.#####.####### #.#
#.......#
######.#####..####.#
#............@.###.####
#.####.#####.5..).....#
#.# #.........###.##.#
#.# ######.....##.##.#
#.# ##...###.##.# #.#
##......##.# #.#
#.#######.# #.# #.# #.#
#.#### ##'## #.#


You could see Grinder.

Vanquished Creatures
  6 adders (D:2)
  An ooze (D:2)
  A worm (D:1)
  3 dart slugs (D:1)
  A leopard gecko (D:2)
  4 bats
  A giant cockroach (D:3)
  9 goblins
  7 hobgoblins
  11 jackals
  8 kobolds
  A quokka (D:3)
  9 frilled lizards
  7 rats
69 creatures vanquished.

Notes
Turn   | Place    | Note
-------+----------+-------------------------------------------
     0 | D:1      | pkoi the Minotaur Gladiator began the quest for the Orb.
     0 | D:1      | Reached XP level 1. HP: 18/18 MP: 0/0
   209 | D:1      | Reached skill level 4 in Long Blades
   411 | D:1      | Reached XP level 2. HP: 24/25 MP: 1/1
   717 | D:1      | Reached skill level 5 in Long Blades
   877 | D:1      | Reached XP level 3. HP: 30/30 MP: 2/2
   952 | D:2      | Found a shimmering altar of Xom.
  1160 | D:2      | Reached XP level 4. HP: 32/37 MP: 3/3
  1229 | D:2      | Reached skill level 6 in Long Blades
  1753 | D:3      | Found a radiant altar of Vehumet.
  1828 | D:3      | Reached XP level 5. HP: 42/42 MP: 4/4
  1994 | D:3      | Noticed Grinder
  2107 | D:3      | Paralysed by Grinder for 7 turns
  2109 | D:3      | Mangled by Grinder

Vault maps used:
D:1:      dpeg_arrival_central
D:2:      minmay_diamond_boxcup, lemuel_crystal_altar, first_bread
D:3:      overflow_temple_1_default, uniq_grinder

Skill      XL: |  1  2  3  4 |
---------------+-------------+-----
Long Blades    | 4 5 6 |  6.9
Fighting       | |  2.4
Throwing       | |  2.0
Dodging        | |  3.2

Action                   |  1- 3 |  4- 6 || total
-------------------------+-------+-------++-------
Melee: Long sword        |    72 |    57 ||   129
       Headbutt          |     8 |    13 ||    21
  Use: Scroll            |       |     4 ||     4
  Eat: Chunk             |     1 |     3 ||     4
Armor: Leather armour    |    32 |    16 ||    48
Dodge: Dodged            |    43 |    29 ||    72
       Rpst.: Long sword |     9 |     9 ||    18
